[Event "TOP 12 FEMININ 2022 - Phase 1"]
[Site "MULHOUSE, France"]
[Date "2022.04.08"]
[Round "2.1"]
[White "CRAMLING MON, Pia"]
[Black "BATSIASHVILI JUV, Nino"]
[Result "1-0"]
[TimeControl "90 min +30 secondes par coup"]
[WhiteElo "2454"]
[BlackElo "2463"]

1. Nf3 d5 2. d4 e6 3. c4 a6 4. cxd5 exd5 5. Nc3 Nf6 6. Bg5 Be6 7. Bxf6 Qxf6 8. Qb3 Ra7 9. h4 h6 10.
g3 Qd8 11. Bh3 Bxh3 12. Rxh3 c6 13. e4 dxe4 14. Ne5 b5 15. O-O-O Bd6 16. Nxe4 O-O 17. f4 Qc8 18. g4 Rd8 19.
Rc3 Rc7 20. Kb1 a5 21. Qc2 Bxe5 22. dxe5 Na6 23. Rd6 Nb4 24. Qd1 Nd5 25. Rc5 Re8 26. Qf3 Re6 27. Nc3 Nxc3+ 28. Qxc3 b4 29.
Qc4 Re8 30. f5 Qa8 31. f6 gxf6 32. exf6 Re1+ 33. Kc2 Qe8 34. Qd3 Qe2+ 35. Qxe2 Rxe2+ 36. Kb3 a4+ 37. Kxb4 Rb7+ 38. Kxa4 Rexb2 39. a3 R2b6 40. Ra5 Kh7 41. h5 c5 42. Rxb6 Rxb6 43. Rxc5 Rxf6 44. Kb5 Rf3 45. a4 Rb3+ 46. Ka5 Kg7 47. Rf5 Rb1 48. Rf4 Rb2 49. Ka6 Kf8 50.
a5 Ke7 51. Ka7 Ke6 52. a6 f6 53. Rc4 Kd5 54. Rc7 Rg2 55. Kb8 Rxg4 56. a7 Rb4+ 57. Rb7 Ra4 58. a8=Q Rxa8+ 59. Kxa8 1-0

[Event "TOP 12 FEMININ 2022 - Phase 1"]
[Site "MULHOUSE, France"]
[Date "2022.04.08"]
[Round "2.2"]
[White "FRETEL JUV, Liza"]
[Black "SKRIPCHENKO MON, Almira"]
[Result "0-1"]
[TimeControl "90 min +30 secondes par coup"]
[WhiteElo "1946"]
[BlackElo "2395"]

1. e4 d6 2. d4 Nf6 3. Nc3 c6 4. Be3 Nbd7 5. Nf3 e5 6. Bc4 Be7 7. Bb3 O-O 8. h3 b5 9. a3 Bb7 10.
Qd3 a6 11. g4 Qc7 12. g5 Nh5 13. Nh4 g6 14. Qe2 exd4 15. Bxd4 Bxg5 16. Rg1 Qd8 17. Nf5 Nf4 18. Qg4 c5 19.
Qxg5 Qxg5 20. Rxg5 cxd4 21. Nxd4 Nc5 22. Ba2 Nxh3 23. Rg3 Nf4 24. O-O-O Nh5 25. Re3 Rfe8 26. f3 Rac8 27. b4 Nd7 28.
Ncxb5 axb5 29. Nxb5 Rb8 30. Nxd6 Re7 31. Nxf7 Kg7 32. e5 Nf8 33. e6 Nf4 34. Nd8 h5 35. a4 h4 36. b5 Ba8 37.
Rd4 g5 38. Rd6 h3 39. Bc4 h2 40. Re1 Bxf3 41. Nc6 Bxc6 42. bxc6 g4 43. Rd4 N8g6 44. Bd3 Rxe6 45. Rh1 g3 46.
Rd7+ Kf6 47. Bf1 Rxc6 48. Rd2 Re6 49. c4 Ra8 50. Ra2 Re1+ 51. Kd2 Rxf1 52. Rxf1 g2 53. Raa1 Rxa4 54. Rab1 gxf1=Q 55. Rxf1 Kg5 56. Ke3 Kg4 57. c5 Rc4 58. Rb1 Kg3 59. c6 Rxc6 60. Ke4 Re6+ 61. Kf5 Kg2 62. Rb3 h1=Q 0-1

[Event "TOP 12 FEMININ 2022 - Phase 1"]
[Site "MULHOUSE, France"]
[Date "2022.04.08"]
[Round "2.3"]
[White "DORNBUSCH MON, Tatiana"]
[Black "SALVADOR JUV, Lucie"]
[Result "1-0"]
[TimeControl "90 min +30 secondes par coup"]
[WhiteElo "2245"]
[BlackElo "1979"]

1. d4 g6 2. Nf3 Bg7 3. c4 Nf6 4. Nc3 O-O 5. e4 d6 6. Be2 Nbd7 7. d5 Ne5 8. Nxe5 dxe5 9. Be3 h6 10.
O-O b6 11. Rc1 e6 12. Qc2 exd5 13. cxd5 Ng4 14. Bxg4 Bxg4 15. Nb5 f6 16. f3 Bd7 17. Nxc7 Rc8 18. Qb3 Kh7 19. d6 f5 20.
Qd5 Qf6 21. Rcd1 Rfd8 22. Qb7 Bf8 23. Qxa7 Bxd6 24. Qxb6 Ba4 25. Nd5 Qh4 26. Qa7+ Bd7 27. g3 Qh3 28. Nf6+ Kh8 29. Rxd6 Rc2 30.
Rd2 Rxd2 31. Bxd2 f4 32. Qc7 Rf8 33. Qxd7 Qxd7 34. Nxd7 1-0

[Event "TOP 12 FEMININ 2022 - Phase 1"]
[Site "MULHOUSE, France"]
[Date "2022.04.08"]
[Round "2.4"]
[White "FORTUIT  JUV, Emilie"]
[Black "LECONTE  MON, Maria"]
[Result "1/2-1/2"]
[TimeControl "90 min +30 secondes par coup"]
[WhiteElo "1954"]
[BlackElo "2240"]

1. e4 c6 2. d4 d5 3. exd5 cxd5 4. Bd3 Nc6 5. c3 g6 6. Nf3 Qc7 7. O-O Bf5 8. Re1 Bxd3 9. Qxd3 Bg7 10.
Nbd2 Nf6 11. h3 O-O 12. Ne5 e6 13. Ndf3 Ne4 14. Nxc6 bxc6 15. Ng5 Nf6 16. b3 c5 17. Ba3 Nd7 18.
Qa6 Qb6 19. Qa4 Rfd8 20. Nf3 Rac8 21. Rac1 Qb7 22. Ne5 Nxe5 23. dxe5 d4 24. cxd4 Rxd4 25. Qa5 Rd5 26. Rcd1 Bxe5 27.
Rxd5 Qxd5 28. Qxa7 Bd4 29. Qe7 Kg7 30. Re2 Bf6 31. Bb2 Bxb2 32. Rxb2 Ra8 33. Qh4 Qd1+ 34. Kh2 Qd6+ 35. Qg3 Qd4 36.
Re2 h5 37. Qe3 Qxe3 38. fxe3 Kf6 39. Rc2 Ra5 40. a4 Ke5 41. Rc4 g5 42. Kg3 Kd5 43. h4 f6 44. Kf3 g4+ 45. Kf4 Ra8 46.
Rc3 Rb8 47. Rd3+ Kc6 48. e4 Rb4 49. Ke3 f5 50. exf5 exf5 51. g3 Re4+ 52. Kf2 Rb4 53. Ke3 Re4+ 54. Kf2 Re5 55. Re3 Rd5 56.
Re6+ Kd7 1/2-1/2

[Event "TOP 12 FEMININ 2022 - Phase 1"]
[Site "MULHOUSE, France"]
[Date "2022.04.08"]
[Round "2.5"]
[White "BEREND VAN, Elvira"]
[Black "ARMAS LES, Lara-Maria"]
[Result "1-0"]
[TimeControl "90 min +30 secondes par coup"]
[WhiteElo "2323"]
[BlackElo "1901"]

1. d4 Nf6 2. Nf3 e6 3. e3 c5 4. Bd3 b6 5. O-O Bb7 6. b3 Be7 7. Bb2 d6 8. Qe2 Nbd7 9. c4 O-O 10.
Nc3 Re8 11. Rad1 a6 12. Bb1 cxd4 13. Nxd4 Qc7 14. Rc1 Rac8 15. e4 Qb8 16. f4 Nf8 17. Kh1 N6d7 18. Nf3 Bf6 19. Na4 Bxb2 20.
Nxb2 Ng6 21. Qd2 Nc5 22. Rce1 b5 23. f5 Nf8 24. f6 gxf6 25. Nd4 bxc4 26. Nxc4 d5 27. exd5 Bxd5 28. Ne3 Be4 29.
Ng4 f5 30. Nf6+ Kg7 31. Nh5+ Kh8 32. Bxe4 Nxe4 33. Rxe4 fxe4 34. Qg5 Ng6 35. Qf6+ 1-0

[Event "TOP 12 FEMININ 2022 - Phase 1"]
[Site "MULHOUSE, France"]
[Date "2022.04.08"]
[Round "2.6"]
[White "WOLHERS-ARMAS  LES, Rike"]
[Black "SAVINA VAN, Anastasia"]
[Result "0-1"]
[TimeControl "90 min +30 secondes par coup"]
[WhiteElo "1972"]
[BlackElo "2345"]

1. d4 Nf6 2. c4 g6 3. Nc3 Bg7 4. e4 d6 5. f3 O-O 6. Be3 c5 7. dxc5 dxc5 8. e5 Nfd7 9. f4 Nc6 10.
Nf3 f6 11. e6 Nb6 12. Bxc5 Bxe6 13. b3 Nd7 14. Be3 b6 15. Be2 Nc5 16. Nd4 Nxd4 17. Bxd4 Bf5 18. O-O Bc2 19. Qxc2 Qxd4+ 20. Kh1 f5 21. Nb5 Qxa1 22. Rxa1 Bxa1 23. Bf3 Rad8 24. h3 a6 25. Nc7 a5 26. Nd5 e6 27. Nxb6 Bd4 28. Qe2 Rd6 29.
Na4 Nxa4 30. bxa4 Rb8 31. c5 Bxc5 32. Qc4 Be3 33. Kh2 Rbd8 34. Bd1 Kf7 35. Bb3 Bd2 36. h4 Bb4 37. Qc7+ R8d7 38. Qc8 Bd2 39. g3 Be3 40.
Qh8 Rd2+ 41. Kh3 Bg1 42. Qxh7+ Kf6 43. Qh8+ Kf7 44. Qh7+ Kf6 45. Qh8+ Ke7 46. Qg7+ Kd8 47. Qh8+ Kc7 48.
Qe5+ Kc8 49. Qh8+ Kb7 50. Bd5+ R7xd5 51. Qc3 Rd7 52. Qf3+ Kb6 0-1

[Event "TOP 12 FEMININ 2022 - Phase 1"]
[Site "MULHOUSE, France"]
[Date "2022.04.08"]
[Round "2.7"]
[White "STEIL-ANTONI  VAN, Fiona"]
[Black "BISMUTH LES, Lea"]
[Result "1-0"]
[TimeControl "90 min +30 secondes par coup"]
[WhiteElo "2189"]
[BlackElo "1957"]

1. e4 e5 2. Nf3 Nc6 3. Bc4 Nf6 4.
d3 Be7 5. c3 d6 6. Bb3 O-O 7. h3 Kh8 8. g4 Be6 9. Nbd2 d5 10. Ng5 Qd7 11. Nxe6 fxe6 12. Qe2 Rad8 13. Nf3 Bc5 14.
O-O Rde8 15. Bg5 h6 16. Bh4 Qf7 17. Kg2 Qg6 18. Bxf6 gxf6 19. exd5 exd5 20. Bxd5 h5 21. Be4 f5 22.
Nh4 Qg5 23. Nxf5 Ne7 24. Nxe7 Rxe7 25. f3 c6 26. b4 Bb6 27. a4 Rg7 28. a5 Bd8 29. Rfe1 Qh6 30. a6 b6 31. Rh1 Bg5 32.
Rad1 Bf4 33. c4 c5 34. bxc5 bxc5 35. Rb1 Qxa6 36. Rb5 Rc7 37. Rhb1 Qf6 38. Qf2 Qe7 39. Rb7 Rfc8 40. Rxc7 Rxc7 41.
Rb8+ Kg7 42. Bd5 h4 43. Qe2 Kh6 44. Rh8+ Kg5 45. Qe4 Qd7 46. Rg8+ Kf6 47. Qg6+ Ke7 48. Qf7+ Kd6 49. Rg6+ Qe6 50.
Rxe6# 1-0

[Event "TOP 12 FEMININ 2022 - Phase 1"]
[Site "MULHOUSE, France"]
[Date "2022.04.08"]
[Round "2.8"]
[White "LE BAIL  LES, Clara"]
[Black "THOMAS  VAN, Anysia"]
[Result "1/2-1/2"]
[TimeControl "90 min +30 secondes par coup"]
[WhiteElo "1960"]
[BlackElo "2128"]

1. e4 c5 2. c3 d5 3. exd5 Qxd5 4. d4 g6 5. Nf3 Bg7 6. Na3 cxd4 7. Bc4 Qe4+ 8. Be3 Nh6 9. cxd4 O-O 10.
Nb5 Nc6 11. Nc3 Qf5 12. O-O Ng4 13. Qd2 e6 14. Rad1 Nxe3 15. fxe3 Qa5 16. Qf2 Bd7 17. Kh1 Qb4 18. Bd3 Rad8 19.
Ne4 b6 20. a3 Qe7 21. Ng3 Bc8 22. Bb1 Ba6 23. Rfe1 Qd7 24. b4 Bb7 25. Ba2 a5 26. bxa5 bxa5 27. Qd2 Qe7 28. Rb1 Ne5 29.
Nxe5 Bxe5 30. Qxa5 Bb8 31. Qb4 Qh4 32. Nf1 Be4 33. Rb2 Bd6 34. Qd2 Bxa3 35. Qf2 Qg5 36. Rbe2 Bd6 37. Bb1 Bxb1 38.
Rxb1 Qh5 39. Reb2 Rc8 40. Rb6 Bc7 41. Rb7 e5 42. d5 e4 43. R7b5 Bd6 44. Qf6 Rcd8 45. Qd4 Rfe8 46. Rb7 Be5 47. Qxe4 Bxh2 48. Qf3 Bd6+ 49. Qxh5 gxh5 50. R1b2 Re5 51.
Rf2 f5 52. Rb5 Be7 53. Rd2 Bg5 54. Kg1 Rxe3 55. Nxe3 Bxe3+ 56. Rf2 Ra8 57. Kf1 Ra1+ 58. Ke2 Bxf2 59. Kxf2 Kf7 60. Rb7+ Kf6 61.
Rxh7 Rd1 62. Rxh5 Rxd5 63. g4 Ra5 64. Rxf5+ Rxf5+ 65. gxf5 Kxf5 1/2-1/2

[Event "TOP 12 FEMININ 2022 - Phase 1"]
[Site "MULHOUSE, France"]
[Date "2022.04.08"]
[Round "2.9"]
[White "VEGA GUTTIERREZ  MUL, Sabrina"]
[Black "AUVRAY 608, Juliette"]
[Result "1-0"]
[TimeControl "90 min +30 secondes par coup"]
[WhiteElo "2385"]
[BlackElo "1976"]

1. e4 c5 2. Nf3 d6 3. d4 cxd4 4. Nxd4 Nf6 5. Nc3 g6 6. Be3 Nc6 7. f3 h5 8. Bc4 Bd7 9. Qd2 Ne5 10.
Bb3 Rc8 11. O-O-O Nc4 12. Bxc4 Rxc4 13. h3 h4 14. Rhe1 Rh5 15. Kb1 b5 16. Nde2 b4 17. Nd5 e6 18. Nef4 exd5 19. Nxh5 Nxe4 20.
fxe4 dxe4 21. Qd5 Be6 22. Qb5+ Ke7 23. Bg5+ 1-0

[Event "TOP 12 FEMININ 2022 - Phase 1"]
[Site "MULHOUSE, France"]
[Date "2022.04.08"]
[Round "2.10"]
[White "BOUTANT 608, Jade"]
[Black "NAVROTESCU  MUL, Andreea"]
[Result "0-1"]
[TimeControl "90 min +30 secondes par coup"]
[WhiteElo "1700"]
[BlackElo "2275"]

1. d4 d5 2. Bf4 c5 3. e3 Nc6 4. c3 Nf6 5. Nd2 e6 6. Ngf3 cxd4 7. exd4 Nh5 8. Bg3 Nxg3 9. hxg3 g6 10.
Bd3 Bg7 11. Qe2 a6 12. Ne5 Nxe5 13. dxe5 Qc7 14. f4 Bd7 15. Nf3 b5 16. O-O O-O 17. Rac1 Rfc8 18. a3 a5 19. Kh2 Qb6 20.
Qd2 Bf8 21. b4 axb4 22. axb4 Ra3 23. Qb2 Rca8 24. Ra1 R3a4 25. Bc2 R4a6 26. Rxa6 Qxa6 27. Bd3 Qa3 28. Qd2 Rc8 29. Qe2 Rxc3 30.
Bxb5 Re3 31. Qc2 Bxb5 32. Qc7 h6 33. Rc1 Bc4 34. b5 Qxc1 35. b6 Rb3 36. Nd4 Rb1 0-1

[Event "TOP 12 FEMININ 2022 - Phase 1"]
[Site "MULHOUSE, France"]
[Date "2022.04.08"]
[Round "2.11"]
[White "HAUSSERNOT  MUL, Cecile"]
[Black "CORIAT 608, Caroline"]
[Result "1-0"]
[TimeControl "90 min +30 secondes par coup"]
[WhiteElo "2108"]
[BlackElo "1765"]

1. e4 e6 2. d4 d5 3. Nc3 Nf6 4. Bg5 Be7 5. e5 Nfd7 6. h4 a6 7. Qg4 Kf8 8. Nh3 c5 9. dxc5 Nxe5 10.
Qg3 Ned7 11. O-O-O Nf6 12. Nf4 Nc6 13. h5 Qa5 14. h6 g6 15. Qh4 d4 16. Bxf6 dxc3 17. Bxe7+ Nxe7 18. Qf6 cxb2+ 19. Kb1 Rg8 20. Qc3 Qc7 21. Qe5 Qa5 22. c6 b5 23. c7 Bb7 24. Qc3 Qb6 25. Qc5 Qa5 26. Rh3 Bd5 27. Nxd5 exd5 28.
Re3 Re8 29. Qxe7+ Rxe7 30. c8=Q+ Re8 31. Rxe8# 1-0

[Event "TOP 12 FEMININ 2022 - Phase 1"]
[Site "MULHOUSE, France"]
[Date "2022.04.08"]
[Round "2.12"]
[White "PAROT DE SOUSA  608, Sophie"]
[Black "SCHEBACHER MUL, Solene"]
[Result "0-1"]
[TimeControl "90 min +30 secondes par coup"]
[WhiteElo "1416"]
[BlackElo "1746"]

1. c4 e5 2. g3 Nf6 3. Bg2 Nc6 4. b3 Bc5 5. e3 e4 6. d4 exd3 7. Qxd3 Ne5 8. Qd1 Bb4+ 9. Bd2 Nd3+ 10.
Ke2 Ng4 11. Nh3 Bxd2 12. Nxd2 Nde5 13. f4 Nc6 14. Nf2 d6 15. h3 Nf6 16. Nfe4 h5 17. Nxf6+ Qxf6 18. Re1 Qg6 19. Kf2 Bd7 20.
Nf3 O-O-O 21. Qd2 f6 22. Nd4 Nxd4 23. Qxd4 Kb8 24. Rad1 f5 25. e4 h4 26. Qe3 fxe4 27. Bxe4 Qxg3+ 28. Qxg3 hxg3+ 29. Kxg3 Rxh3+ 30. Kg2 Rdh8 31. Rh1 Rxh1 32. Rxh1 Rxh1 33. Kxh1 Bc6 34. Bg2 Bxg2+ 35. Kxg2 c6 36. Kf3 d5 37. Ke3 Kc7 38.
c5 Kd7 39. Kd4 Ke6 40. a4 Kf5 41. Ke3 d4+ 42. Kxd4 Kxf4 43. Kd3 Kf3 44. b4 g5 45. b5 g4 46. bxc6 bxc6 47. Kc4 g3 48.
Kb4 g2 49. Ka5 g1=Q 50. Ka6 Qxc5 51. a5 Qb5+ 52. Kxa7 Qxa5+ 53. Kb7 c5 0-1

[Event "TOP 12 FEMININ 2022 - Phase 1"]
[Site "MULHOUSE, France"]
[Date "2022.04.08"]
[Round "2.13"]
[White "TERRAZZONI  DOM, Claire"]
[Black "SEBAG  BIS, Marie"]
[Result "0-1"]
[TimeControl "90 min +30 secondes par coup"]
[WhiteElo "1794"]
[BlackElo "2461"]

1. e4 c5 2. Nf3 d6 3. d4 cxd4 4. Nxd4 Nf6 5. Nc3 a6 6. h3 e5 7. Nde2 h5 8. g3 Be6 9. Bg2 Nbd7 10.
Be3 Be7 11. O-O Rc8 12. Nd5 Nxd5 13. exd5 Bf5 14. c3 h4 15. g4 Bh7 16. f4 exf4 17. Bd4 f3 18. Bxf3 O-O 19. Nf4 Bf6 20.
Ng2 Ne5 21. Ne3 Nxf3+ 22. Rxf3 Bxd4 23. Qxd4 Qe7 24. Nf5 Bxf5 25. Rxf5 Rce8 26. Rh5 Qe2 27. Qf2 Qxf2+ 28. Kxf2 Re4 29.
Re1 Rxe1 30. Kxe1 Re8+ 31. Kf2 g6 32. Rxh4 Re4 33. Kf3 Ra4 34. a3 Rc4 35. Ke3 Kg7 36. Kd3 b5 37. b3 Rf4 38.
Ke3 g5 39. Rh5 f6 40. Ke2 a5 41. b4 a4 42. Ke3 Rf1 43. h4 gxh4 44. Rxh4 Ra1 45. Kd4 Rxa3 46. Rh2 Ra1 47. Re2 Rd1+ 48.
Ke4 Kg6 49. Rf2 Re1+ 50. Kd4 Rg1 51. Rf4 Rg2 52. Kd3 a3 53. Rf1 a2 54. Ra1 Rb2 55. Ke3 Kg5 56. Kf3 Rc2 57. Kg3 Rxc3+ 58. Kf2 Ra3 59. Ke2 Kxg4 60. Kd2 Kf3 61. Kc2 Ke2 62. Kb2 Ra8 63. Kb3 f5 0-1

[Event "TOP 12 FEMININ 2022 - Phase 1"]
[Site "MULHOUSE, France"]
[Date "2022.04.08"]
[Round "2.14"]
[White "JAVAKHISHVILI  BIS, Lela"]
[Black "LE MAREC  DOM, Laura"]
[Result "1-0"]
[TimeControl "90 min +30 secondes par coup"]
[WhiteElo "2482"]
[BlackElo "1770"]

1. Nf3 d5 2. d4 Nf6 3. c4 e6 4. Nc3 Be7 5. Bf4 O-O 6. e3 a6 7. cxd5 exd5 8. Bd3 c5 9. dxc5 Nc6 10.
O-O Bxc5 11. Rc1 Ba7 12. Bg5 Be6 13. Ne2 Rc8 14. Bb1 Bg4 15. Qd3 g6 16. Ned4 Bxf3 17. Nxf3 Qd6 18. Rcd1 Ne5 19.
Qe2 Rfe8 20. g3 Nc4 21. b3 Na3 22. Qb2 Ne4 23. Bxe4 Rxe4 24. Bf4 Rxf4 25. exf4 Rc2 26. Qe5 Qxe5 27.
fxe5 Nb5 28. Rxd5 Nc3 29. Rd2 Rxd2 30. Nxd2 Nxa2 31. Kg2 Nb4 32. Rd1 Nc6 33. Nf3 Bb8 34. Rd7 b6 35. Rb7 Kg7 36.
Rxb6 1-0

[Event "TOP 12 FEMININ 2022 - Phase 1"]
[Site "MULHOUSE, France"]
[Date "2022.04.08"]
[Round "2.15"]
[White "GIROD  DOM, Sarah"]
[Black "MAISURADZE  BIS, Nino"]
[Result "0-1"]
[TimeControl "90 min +30 secondes par coup"]
[WhiteElo "1507"]
[BlackElo "2202"]

1. e4 c5 2. Nc3 Nc6 3. Bb5 Nd4 4. Bc4 a6 5. d3 b5 6. Bb3 e6 7. Nf3 Nxb3 8. axb3 Bb7 9. e5 d6 10. O-O dxe5 11. Nxe5 Bd6 12.
Re1 Nf6 13. Ng4 Qc7 14. Ne4 Nxe4 15. dxe4 h5 16. e5 Be7 17. Ne3 Rd8 18. Bd2 Qxe5 19. Bc3 Qg5 20. Qe2 O-O 21. f3 Bd6 22.
Nf1 h4 23. h3 Rd7 24. Be5 Bxf3 25. Qxf3 Bxe5 26. Rxa6 Bxb2 27. Ra5 Bd4+ 28. Kh1 b4 29. Re4 Rd5 30. Rg4 Qc1 31. Rxh4 Rf5 32.
Qe4 Qxf1+ 33. Kh2 Be5+ 0-1

[Event "TOP 12 FEMININ 2022 - Phase 1"]
[Site "MULHOUSE, France"]
[Date "2022.04.08"]
[Round "2.16"]
[White "BELLAHCENE BIS, Sofia"]
[Black "LANGER  DOM, Karele"]
[Result "1-0"]
[TimeControl "90 min +30 secondes par coup"]
[WhiteElo "1840"]
[BlackElo "1476"]

1. e4 c5 2. Nf3 e6 3. d4 cxd4 4. Nxd4 Nf6 5. Nc3 d6 6. Nb3 Be7 7. Be3 O-O 8. f4 a6 9. Qf3 Nc6 10.
g4 Na5 11. g5 Nd7 12. Bd2 Nxb3 13. axb3 Nc5 14. h4 a5 15. b4 Nd7 16. h5 e5 17. g6 Bh4+ 18. Kd1 exf4 19. gxf7+ Kh8 20.
Qxf4 Be7 21. Nd5 Ne5 22. h6 Rxf7 23. hxg7+ Rxg7 24. Bc3 Bg5 25. Qh2 Bg4+ 26. Be2 Bxe2+ 27. Kxe2 Qd7 28. Qh3 Qb5+ 29.
Kd1 Rf8 30. Rxa5 Qc4 31. Bxe5 dxe5 32. Qd3 Qc8 33. Ne3 Rd8 34. Rd5 Rxd5 35. exd5 Bxe3 36. Qxe3 Qg4+ 37. Kc1 Qf4 38. Qxf4 exf4 39.
c4 f3 40. Rf1 Rf7 41. Kd2 Rf4 42. b3 Kg7 43. Ke3 Rf7 44. Rxf3 Rxf3+ 45. Kxf3 Kf7 46. c5 Ke7 47. c6 Kd8 48.
b5 Ke7 49. Ke4 1-0

[Event "TOP 12 FEMININ 2022 - Phase 1"]
[Site "MULHOUSE, France"]
[Date "2022.04.08"]
[Round "2.17"]
[White "KOVACS  STR, Klara"]
[Black "GUICHARD  ASN, Pauline"]
[Result "0-1"]
[TimeControl "90 min +30 secondes par coup"]
[WhiteElo "2117"]
[BlackElo "2371"]

1. c4 Nf6 2. Nc3 e5 3. g3 Bb4 4. Bg2 O-O 5. Nd5 Bc5 6. d3 c6 7. Nxf6+ Qxf6 8. e3 Rd8 9. Bd2 d5 10.
b4 Bf8 11. c5 a5 12. a3 axb4 13. axb4 Rxa1 14. Qxa1 Bf5 15. Nf3 Bxd3 16. Qxe5 Qg6 17. Bf1 Nd7 18. Qd4 Bc4 19. Bxc4 Qb1+ 20.
Ke2 Qxh1 21. Bd3 Be7 22. Qf4 Qa1 23. Nd4 Bf6 24. Nf5 Ne5 25. Nh6+ Kf8 26. Bxh7 Qa6+ 27. Ke1 d4 28. Ng4 Qa1+ 29.
Ke2 d3+ 0-1

[Event "TOP 12 FEMININ 2022 - Phase 1"]
[Site "MULHOUSE, France"]
[Date "2022.04.08"]
[Round "2.18"]
[White "MOINGT  ASN, Anne"]
[Black "ROOS  STR, Louise"]
[Result "1-0"]
[TimeControl "90 min +30 secondes par coup"]
[WhiteElo "2036"]
[BlackElo "1803"]

1. e4 e6 2. d4 d5 3. Nd2 dxe4 4. Nxe4 Bd7 5. Nf3 Bc6 6. Ned2 Nd7 7. Bd3 Ngf6 8. O-O Be7 9. Nc4 Bxf3 10.
Qxf3 c6 11. c3 a5 12. Bf4 O-O 13. Rad1 Nb6 14. Ne5 Nbd5 15. Bc1 Qc8 16. Rfe1 Bd6 17. Qh3 Ne7 18. Bg5 Ng6 19. Bxf6 gxf6 20.
Nxg6 hxg6 21. Qh6 Re8 22. Bxg6 fxg6 23. Qxg6+ Kf8 24. Qxf6+ Kg8 25. Re4 1-0

[Event "TOP 12 FEMININ 2022 - Phase 1"]
[Site "MULHOUSE, France"]
[Date "2022.04.08"]
[Round "2.19"]
[White "OLGUIN  STR, Monica"]
[Black "STRASSER ASN, Arevik"]
[Result "1/2-1/2"]
[TimeControl "90 min +30 secondes par coup"]
[WhiteElo "1674"]
[BlackElo "1543"]

1. e4 e5 2. Nf3 Nc6 3. d4 exd4 4. Nxd4 Bc5 5. Be3 Qf6 6. c3 Nge7 7. Qd2 d5 8. Nxc6 Qxc6 9. Bxc5 Qxc5 10.
exd5 Qxd5 11. Qxd5 Nxd5 12. Bc4 Nb6 13. Nd2 Nxc4 14. Nxc4 Be6 15. Ne3 O-O-O 16. Ke2 Rd6 17. b3 Rhd8 18.
Rhd1 Rxd1 19. Rxd1 Rxd1 20. Kxd1 Kd7 21. Kd2 h5 22. f4 g6 23. g3 Kd6 24. Kd3 f6 25. Ke4 f5+ 26. Kd4 c5+ 27.
Kd3 b6 28. c4 Bf7 29. Nd1 Be8 30. Nf2 Bf7 31. Kc3 a5 32. Nd3 Be8 33. Ne5 Ke6 34. a3 Kd6 35. Nd3 Kc6 36. Ne5+ Kd6 37.
Kd3 Ke6 38. Ke3 Kd6 39. Kd2 Ke6 1/2-1/2

[Event "TOP 12 FEMININ 2022 - Phase 1"]
[Site "MULHOUSE, France"]
[Date "2022.04.08"]
[Round "2.21"]
[White "KOSTENIUK  CLI, Alexandra"]
[Black "BULMAGA CAN, Irina"]
[Result "1-0"]
[TimeControl "90 min +30 secondes par coup"]
[WhiteElo "2516"]
[BlackElo "2379"]

1. d4 Nf6 2. c4 e6 3. Nc3 Bb4 4. e3 O-O 5. Bd3 d5 6. a3 Bxc3+ 7. bxc3 dxc4 8. Bxc4 c5 9. Ne2 Qc7 10.
Ba2 b6 11. O-O Ba6 12. Re1 Rd8 13. Ng3 Nc6 14. Bb2 Na5 15. e4 Bc4 16. Bxc4 Nxc4 17. Bc1 cxd4 18. cxd4 h6 19. e5 Nh7 20.
Qg4 Kh8 21. Nh5 Rg8 22. Rb1 Rac8 23. h4 Qd7 24. Rb3 Rcd8 25. Rd3 b5 26. Nf4 Nb6 27. Bd2 Nd5 28. Nh5 Rc8 29. Ng3 Ne7 30.
Qf3 Rc4 31. Qxf7 Rf8 32. Qh5 Rxd4 33. Rxd4 Qxd4 34. Be3 Qc3 35. Rc1 Qb2 36. Qd1 Nd5 37. Bd4 Qa2 38. Rc6 Qxa3 39. Rxe6 Rc8 40.
Qg4 Qc1+ 41. Kh2 Qf4 42. Qxf4 Nxf4 43. Ra6 Nf8 44. Nf5 N4e6 45. Nd6 Rc2 46. Nxb5 Rc4 47. Bxa7 Rxh4+ 48. Kg3 g5 49.
Nd6 Ng7 50. Be3 Ng6 51. e6 Ne7 52. Ra8+ Kh7 53. Ra7 Nc6 54. Rc7 Ne5 55. Nf5 Ng6 56. Ra7 Kg8 57. Nd6 Kh8 58. Ra6 Ne5 1-0

[Event "TOP 12 FEMININ 2022 - Phase 1"]
[Site "MULHOUSE, France"]
[Date "2022.04.08"]
[Round "2.22"]
[White "BENSDORP-DE LABACA CAN, Marlies"]
[Black "KASHLINSKAYA  CLI, Alina"]
[Result "0-1"]
[TimeControl "90 min +30 secondes par coup"]
[WhiteElo "2234"]
[BlackElo "2490"]

1. d4 Nf6 2. c4 g6 3. Nc3 Bg7 4. e4 d6 5. Bd3 O-O 6. Nge2 Nc6 7. O-O Nd7 8. Bc2 e5 9. d5 Nd4 10.
Nxd4 exd4 11. Ne2 Ne5 12. Nxd4 Nxc4 13. Rb1 Re8 14. h3 Bd7 15. b3 Nb6 16. a4 c6 17. a5 c5 18. Ne2 Nc8 19.
Bd2 b6 20. axb6 Nxb6 21. Bd3 a5 22. Bc3 Bxc3 23. Nxc3 Qf6 24. Qc2 Rec8 25. Bb5 c4 26. b4 axb4 27. Rxb4 Bxb5 28. Nxb5 h5 29.
Rfb1 c3 30. Nxd6 Nxd5 31. Nxc8 Nxb4 32. Rxb4 Rxc8 33. Rb3 Qd4 34. Kf1 Qc4+ 35. Kg1 Qxb3 0-1

[Event "TOP 12 FEMININ 2022 - Phase 1"]
[Site "MULHOUSE, France"]
[Date "2022.04.08"]
[Round "2.23"]
[White "BENMESBAH CLI, Natacha"]
[Black "SABIANI  CAN, Chjara"]
[Result "1-0"]
[TimeControl "90 min +30 secondes par coup"]
[WhiteElo "2244"]
[BlackElo "1793"]

1. e4 d5 2. exd5 Qxd5 3. Nc3 Qa5 4. Bc4 Nf6 5. d3 c5 6. Nf3 e6 7. O-O Nc6 8. Bf4 a6 9. a4 Be7 10.
d4 Nh5 11. Be3 cxd4 12. Nxd4 Nxd4 13. Qxd4 O-O 14. Ne4 Rd8 15. Qb6 Qe5 16. Rad1 Bd7 17. Qxb7 Rab8 18. Qa7 Qxe4 19. Rxd7 Rxd7 20.
Qxb8+ Rd8 21. Qc7 Bf6 22. Bxa6 Qxa4 23. Be2 Qh4 24. g3 Qh3 25. g4 Rd5 26. gxh5 h6 27. Qg3 Qf5 28. c4 Ra5 29.
Rd1 Ra8 30. Qf3 Qa5 31. b4 Qa4 32. c5 Rb8 33. b5 Be5 34. b6 Qh4 35. h3 f5 36. c6 f4 37. c7 Rf8 38. Bd4 Bxd4 39.
Rxd4 e5 40. Qd5+ Kh8 41. Qd8 1-0

[Event "TOP 12 FEMININ 2022 - Phase 1"]
[Site "MULHOUSE, France"]
[Date "2022.04.08"]
[Round "2.24"]
[White "SOREDA  CAN, Elisa"]
[Black "AFRAOUI CLI, Anaelle"]
[Result "0-1"]
[TimeControl "90 min +30 secondes par coup"]
[WhiteElo "1655"]
[BlackElo "2108"]

1. e4 c5 2. Nc3 Nc6 3. f4 e6 4. Nf3 d5 5. exd5 exd5 6. d4 Nf6 7. Qe2+ Be7 8. Be3 cxd4 9. Bxd4 Nxd4 10.
Nxd4 O-O 11. O-O-O Bg4 12. Nf3 Qc7 13. g3 Bb4 14. Nb5 Qb6 15. Qg2 Qe3+ 16. Nd2 Bxd1 17. Kxd1 Bxd2 18. Qxd2 Qf3+ 0-1